PL
GREENVILLE 84S @ NEW ORLEANS VOODOO
08/16/2042
 
TOP OF THE 1ST
Greenville 84s batting - Pitching for New Orleans Voodoo : RHP Rhys Maskell
Pitching: RHP Rhys Maskell
Batting: LHB Lung Chaim 0-0: SINGLE (Groundball, 56D, EV 106.9 MPH)
Batting: RHB António Macías 0-0: Foul Ball, location: 2F
0-1: Ball
1-1: Ball
2-1: Ball
3-1: SINGLE (Flyball, 7LM, EV 85.0 MPH)
Lung Chaim to second
Batting: LHB Craig Woods 0-0: Called Strike
0-1: Called Strike
0-2: Foul Ball, location: 2F
0-2: Strikes out swinging
Batting: LHB Philip Visscher 0-0: Called Strike
0-1: Ball
1-1: Fly out, F9 (Flyball, 9S, EV 75.6 MPH)
Batting: RHB Ángelo Delgado 0-0: Foul Ball, location: 2F
0-1: Ball
1-1: Ball
2-1: Ball
3-1: Base on Balls
Lung Chaim to third
António Macías to second
Batting: LHB Vicente Gonzáles 0-0: Called Strike
0-1: Foul Ball, location: 2F
0-2: Ball
1-2: Ball
2-2: Fly out, F8 (Flyball, 8LM, EV 75.0 MPH)
Top of the 1st over - 0 runs, 2 hits, 0 errors, 3 left on base; Greenville 0 - New Orleans 0
BOTTOM OF THE 1ST
New Orleans Voodoo batting - Pitching for Greenville 84s : RHP Ignacio Manzanedo
Pitching: RHP Ignacio Manzanedo
Batting: LHB José Soriano 0-0: Called Strike
0-1: Called Strike
0-2: Ball
1-2: Ground out 3-1 (Groundball, 34S, EV 89.4 MPH)
Batting: RHB Júlio Sahagún 0-0: Ball
1-0: Ball
2-0: Ground out U3 (Groundball, 3, EV 85.6 MPH)
Batting: LHB Derek Corbin 0-0: SINGLE (Groundball, 4MD, EV 95.0 MPH)
Batting: LHB Jonathan Gunner 0-0: Ball
1-0: Swinging Strike
1-1: Ball
2-1: SINGLE (Groundball, 4D, EV 106.2 MPH)
Derek Corbin to second
Batting: LHB Augusto Reyes 0-0: Foul Ball, location: 2F
0-1: TRIPLE (Flyball, 8RXD, EV 101.2 MPH)
Derek Corbin scores
Jonathan Gunner scores
Batting: LHB Jorge Castillo 0-0: Ball
1-0: Ball
2-0: Called Strike
2-1: Foul Ball, location: 2F
2-2: Strikes out swinging
Bottom of the 1st over - 2 runs, 3 hits, 0 errors, 1 left on base; Greenville 0 - New Orleans 2
TOP OF THE 2ND
Greenville 84s batting - Pitching for New Orleans Voodoo : RHP Rhys Maskell
Batting: RHB António Etxebarria 0-0: Ball
1-0: Ground out 6-3 (Groundball, 6, EV 84.4 MPH)
Batting: LHB Quincy Wass 0-0: Ball
1-0: Ball
2-0: Ball
3-0: Base on Balls
Batting: RHB Marcos Luna 0-0: Called Strike
0-1: Called Strike
Quincy Wass steals 2nd base
0-2: Ball
1-2: Strikes out swinging
Batting: LHB Lung Chaim 0-0: Foul Ball, location: 2F
0-1: Foul Ball, location: 2F
0-2: Ball
1-2: Foul Ball, location: 2F
1-2: Foul Ball, location: 2F
1-2: DOUBLE (Flyball, 8RXD, EV 99.4 MPH)
Quincy Wass scores
Batting: RHB António Macías 0-0: Ball
1-0: Called Strike
1-1: Swinging Strike
1-2: Ball
2-2: Fly out, F7 (Flyball, 7LSF, EV 93.1 MPH)
Top of the 2nd over - 1 run, 1 hit, 0 errors, 1 left on base; Greenville 1 - New Orleans 2
BOTTOM OF THE 2ND
New Orleans Voodoo batting - Pitching for Greenville 84s : RHP Ignacio Manzanedo
Batting: RHB Petri Kallio 0-0: Swinging Strike
0-1: Ball
1-1: Fly out, F7 (Flyball, 78D, EV 105.6 MPH)
Batting: RHB Vitorio Flores 0-0: Ball
1-0: Ball
2-0: Ball
3-0: Called Strike
3-1: Fly out, F5 (Popup, 5SF, EV 78.8 MPH)
Batting: RHB Arturo Cicerón 0-0: Called Strike
0-1: Ground out 6-3 (Groundball, 6, EV 85.6 MPH)
Bottom of the 2nd over - 0 runs, 0 hits, 0 errors, 0 left on base; Greenville 1 - New Orleans 2
TOP OF THE 3RD
Greenville 84s batting - Pitching for New Orleans Voodoo : RHP Rhys Maskell
Batting: LHB Craig Woods 0-0: Called Strike
0-1: Swinging Strike
0-2: Ball
1-2: Strikes out swinging
Batting: LHB Philip Visscher 0-0: Ball
1-0: Ball
2-0: Called Strike
2-1: Ball
3-1: Base on Balls
Batting: RHB Ángelo Delgado 0-0: Called Strike
0-1: Fly out, F4 (Popup, 4M, EV 70.0 MPH)
Batting: LHB Vicente Gonzáles 0-0: Ball
1-0: Swinging Strike
1-1: Foul Ball, location: 2F
1-2: Ball
2-2: Strikes out looking
Top of the 3rd over - 0 runs, 0 hits, 0 errors, 1 left on base; Greenville 1 - New Orleans 2
BOTTOM OF THE 3RD
New Orleans Voodoo batting - Pitching for Greenville 84s : RHP Ignacio Manzanedo
Batting: LHB José Soriano 0-0: Called Strike
0-1: Called Strike
0-2: Ball
1-2: Ball
2-2: Foul Ball, location: 2F
2-2: TRIPLE (Flyball, 78XD, EV 94.4 MPH)
Batting: RHB Júlio Sahagún 0-0: Swinging Strike
0-1: SINGLE (Line Drive, 56, EV 98.1 MPH)
José Soriano scores
Batting: LHB Derek Corbin 0-0: Ball
1-0: Called Strike
1-1: SINGLE (Line Drive, 4MD, EV 100.0 MPH)
Júlio Sahagún to second
Batting: LHB Jonathan Gunner 0-0: SINGLE (Groundball, 34D, EV 105.0 MPH)
Júlio Sahagún to third
Derek Corbin to second
Runner from 3rd tries for Home, SAFE, throw by RF to home
Batting: LHB Augusto Reyes 0-0: Ball
1-0: Ball
Wild Pitch!
Derek Corbin to third
Jonathan Gunner to second
2-0: Called Strike
2-1: Swinging Strike
2-2: Ground out U3 (Groundball, 3, EV 81.2 MPH)
Batting: LHB Jorge Castillo 0-0: Ball
1-0: Ground out 5-3 (Groundball, 5, EV 86.2 MPH)
Batting: RHB Petri Kallio 0-0: Ball
1-0: Ball
2-0: Ball
3-0: Fly out, F9 (Flyball, 9S, EV 89.4 MPH)
Bottom of the 3rd over - 2 runs, 4 hits, 0 errors, 2 left on base; Greenville 1 - New Orleans 4
TOP OF THE 4TH
Greenville 84s batting - Pitching for New Orleans Voodoo : RHP Rhys Maskell
Batting: RHB António Etxebarria 0-0: Ball
1-0: Swinging Strike
1-1: Called Strike
1-2: Fly out, F8 (Flyball, 78M, EV 90.0 MPH)
Batting: LHB Quincy Wass 0-0: Called Strike
0-1: Foul Ball, location: 2F
0-2: Ball
1-2: Strikes out swinging
Batting: RHB Marcos Luna 0-0: Ball
1-0: Ground out 6-3 (Groundball, 56, EV 86.9 MPH)
Top of the 4th over - 0 runs, 0 hits, 0 errors, 0 left on base; Greenville 1 - New Orleans 4
BOTTOM OF THE 4TH
New Orleans Voodoo batting - Pitching for Greenville 84s : RHP Ignacio Manzanedo
Batting: RHB Vitorio Flores 0-0: Swinging Strike
0-1: Ball
1-1: Foul Ball, location: 2F
1-2: Ball
2-2: Strikes out swinging
Batting: RHB Arturo Cicerón 0-0: Foul Ball, location: 2F
0-1: Ball
1-1: Ball
2-1: Ball
3-1: Ground out 1-3 (Groundball, 13S, EV 70.6 MPH)
Batting: LHB José Soriano 0-0: Ball
1-0: Swinging Strike
1-1: Swinging Strike
1-2: Foul Ball, location: 2F
1-2: Ball
2-2: Foul Ball, location: 2F
2-2: Ball
3-2: Foul Ball, location: 2F
3-2: Strikes out looking
Bottom of the 4th over - 0 runs, 0 hits, 0 errors, 0 left on base; Greenville 1 - New Orleans 4
TOP OF THE 5TH
Greenville 84s batting - Pitching for New Orleans Voodoo : RHP Rhys Maskell
Batting: LHB Lung Chaim 0-0: Called Strike
0-1: Called Strike
0-2: Ball
1-2: Strikes out swinging
Batting: RHB António Macías 0-0: Ball
1-0: Ground out 6-3 (Groundball, 6, EV 84.4 MPH)
Batting: LHB Craig Woods 0-0: DOUBLE (Line Drive, 7LM, EV 105.6 MPH)
Batting: LHB Philip Visscher 0-0: Called Strike
0-1: Foul Ball, location: 2F
0-2: Foul Ball, location: 2F
0-2: Ball
1-2: Ball
2-2: SINGLE (Flyball, 8RS, EV 86.2 MPH) - OUT at second base trying to stretch hit.
Craig Woods scores
Top of the 5th over - 1 run, 2 hits, 0 errors, 0 left on base; Greenville 2 - New Orleans 4
BOTTOM OF THE 5TH
New Orleans Voodoo batting - Pitching for Greenville 84s : RHP Ignacio Manzanedo
Batting: RHB Júlio Sahagún 0-0: Ground out 1-3 (Groundball, 15S, EV 66.9 MPH)
Batting: LHB Derek Corbin 0-0: Foul Ball, location: 2F
0-1: SINGLE (Flyball, 7LS, EV 95.0 MPH) - OUT at second base trying to stretch hit.
Batting: LHB Jonathan Gunner 0-0: Called Strike
0-1: Ball
1-1: Ball
2-1: Fly out, F7 (Flyball, 7D, EV 98.1 MPH)
Bottom of the 5th over - 0 runs, 1 hit, 0 errors, 0 left on base; Greenville 2 - New Orleans 4
TOP OF THE 6TH
Greenville 84s batting - Pitching for New Orleans Voodoo : RHP Rhys Maskell
Batting: RHB Ángelo Delgado 0-0: Ball
1-0: Foul Ball, location: 2F
1-1: Ball
2-1: Called Strike
2-2: Foul Ball, location: 2F
2-2: Foul Ball, location: 2F
2-2: Hit by Pitch
Batting: LHB Vicente Gonzáles 0-0: Called Strike
0-1: Sac Bunt - play at second, runner OUT -> throw to first, DP!
Batting: RHB António Etxebarria 0-0: Called Strike
0-1: Ball
1-1: SINGLE (Groundball, 56D, EV 101.2 MPH)
Batting: LHB Quincy Wass 0-0: Called Strike
António Etxebarria steals 2nd base
0-1: Swinging Strike
0-2: Ball
1-2: Foul Ball, location: 2F
1-2: Ball
2-2: Ball
3-2: Strikes out looking
Top of the 6th over - 0 runs, 1 hit, 0 errors, 1 left on base; Greenville 2 - New Orleans 4
BOTTOM OF THE 6TH
New Orleans Voodoo batting - Pitching for Greenville 84s : RHP Ignacio Manzanedo
Pitching: RHP Rubén Vázquez
Batting: LHB Augusto Reyes 0-0: Ball
1-0: Called Strike
1-1: SINGLE (Groundball, 56D, EV 102.5 MPH)
Batting: LHB Jorge Castillo 0-0: Ball
1-0: Sac Bunt to 13S - play at first, batter OUT! 1-4
Augusto Reyes to second
Batting: RHB Petri Kallio 0-0: Swinging Strike
0-1: Ball
1-1: Foul Ball, location: 2F
1-2: Strikes out swinging
Batting: RHB Vitorio Flores 0-0: Ball
1-0: Called Strike
1-1: Ground out 5-3 (Groundball, 5, EV 83.8 MPH)
Bottom of the 6th over - 0 runs, 1 hit, 0 errors, 1 left on base; Greenville 2 - New Orleans 4
TOP OF THE 7TH
Greenville 84s batting - Pitching for New Orleans Voodoo : RHP Rhys Maskell
Pitching: RHP Marcus Morgan
Batting: RHB Marcos Luna 0-0: Called Strike
0-1: Ground out 6-3 (Groundball, 6, EV 101.9 MPH)
Batting: LHB Lung Chaim 0-0: Ball
1-0: Ball
2-0: Foul Ball, location: 2F
2-1: Swinging Strike
2-2: Ball
3-2: Strikes out looking
Batting: RHB António Macías 0-0: DOUBLE (Line Drive, 9LM, EV 105.6 MPH)
Batting: LHB Craig Woods 0-0: Ball
1-0: Ball
2-0: Ball
3-0: Called Strike
3-1: Called Strike
3-2: Base on Balls
Batting: LHB Philip Visscher 0-0: Called Strike
0-1: Swinging Strike
0-2: Foul Ball, location: 2F
0-2: Strikes out swinging
Top of the 7th over - 0 runs, 1 hit, 0 errors, 2 left on base; Greenville 2 - New Orleans 4
BOTTOM OF THE 7TH
New Orleans Voodoo batting - Pitching for Greenville 84s : RHP Rubén Vázquez
Pitching: RHP Dave Lawson
Batting: RHB Arturo Cicerón 0-0: Swinging Strike
0-1: Fly out, F5 (Line Drive, 5, EV 72.5 MPH)
Batting: LHB José Soriano 0-0: Ball
1-0: Ball
2-0: Foul Ball, location: 2F
2-1: Ball
3-1: Called Strike
3-2: Base on Balls
Batting: RHB Júlio Sahagún 0-0: Ball
1-0: Ball
2-0: Ground out 5-3 (Groundball, 56S, EV 74.4 MPH)
José Soriano to second
Batting: LHB Derek Corbin 0-0: Ground out 4-3 (Groundball, 4, EV 104.4 MPH)
Bottom of the 7th over - 0 runs, 0 hits, 0 errors, 1 left on base; Greenville 2 - New Orleans 4
TOP OF THE 8TH
Greenville 84s batting - Pitching for New Orleans Voodoo : RHP Marcus Morgan
Batting: RHB Ángelo Delgado 0-0: Foul Ball, location: 2F
0-1: Fly out, F7 (Flyball, 78S, EV 84.4 MPH)
Batting: LHB Vicente Gonzáles 0-0: SINGLE (Line Drive, 3D, EV 108.8 MPH)
Batting: RHB António Etxebarria 0-0: Called Strike
0-1: Foul Ball, location: 2F
0-2: Ball
1-2: Fly out, F8 (Flyball, 8LD, EV 105.6 MPH)
Batting: LHB Quincy Wass 0-0: Ball
1-0: Ball
2-0: Ball
3-0: Base on Balls
Vicente Gonzáles to second
Pitching: RHP David Flowers
Pinch Hitting: LHB Chris Payling 0-0: Ground out 4-3 (Groundball, 4, EV 88.1 MPH)
Top of the 8th over - 0 runs, 1 hit, 0 errors, 2 left on base; Greenville 2 - New Orleans 4
BOTTOM OF THE 8TH
New Orleans Voodoo batting - Pitching for Greenville 84s : RHP Dave Lawson
Now at SS: Moriz Ayushiev
Batting: LHB Jonathan Gunner 0-0: Ball
1-0: Called Strike
1-1: SINGLE (Groundball, 15, EV 71.9 MPH) (infield hit)
Batting: LHB Augusto Reyes 0-0: Called Strike
0-1: Ball
1-1: Ball
2-1: Ball
3-1: Fly out, F8 (Flyball, 78S, EV 94.4 MPH)
Batting: LHB Jorge Castillo 0-0: Foul Ball, location: 2F
0-1: Ball
1-1: Ball
2-1: Ball
3-1: Fly out, F6 (Popup, 6MS, EV 78.8 MPH)
Batting: RHB Petri Kallio 0-0: Called Strike
0-1: Ball
1-1: Swinging Strike
1-2: Strikes out swinging
Bottom of the 8th over - 0 runs, 1 hit, 0 errors, 1 left on base; Greenville 2 - New Orleans 4
TOP OF THE 9TH
Greenville 84s batting - Pitching for New Orleans Voodoo : RHP David Flowers
Now in LF: Jeff Bowers
Batting: LHB Lung Chaim 0-0: Ball
1-0: Ball
2-0: Ground out 2-3 (Groundball, 2L, EV 60.6 MPH)
Batting: RHB António Macías 0-0: Ball
1-0: SINGLE (Groundball, 6MD, EV 94.4 MPH)
Batting: LHB Craig Woods 0-0: Ball
1-0: Grounds into double play, 6-4-3 (Groundball, 6M, EV 102.5 MPH)
Top of the 9th over - 0 runs, 1 hit, 0 errors, 0 left on base; Greenville 2 - New Orleans 4
Friday, March 26th, 2021 - OOTP Baseball 20.8 Build 74